 Dungeon Crawl Stone Soup version 0.21.1-1-g345015f (webtiles) character file.

7959 tidbits the Magician (level 11, -5/84 HPs)
             Began as a Gnoll Skald on Feb 7, 2018.
             Was a Priest of Cheibriados.
             Killed by mirror damage (14 damage)
             ... on level 12 of the Dungeon.
             The game lasted 00:32:17 (2475 turns).

tidbits the Magician (Gnoll Skald)                  Turns: 2475, Time: 00:32:18

Health: -5/84      AC:  7    Str: 21    XL:     11   Next: 23%
Magic:  13/31      EV: 20    Int: 27    God:    Cheibriados [***...]
Gold:   387        SH:  0    Dex: 28    Spells: 2/25 levels left

rFire    . . .     SeeInvis .   a - +5 battleaxe (curse)
rCold    . . .     Gourm    .   (shield currently unavailable)
rNeg     . . .     Faith    .   B - +0 steam dragon scales
rPois    .         Spirit   .   (no helmet)
rElec    .         Reflect  .   (no cloak)
rCorr    .         Harm     .   (no gloves)
MR       .....                  F - +0 pair of boots
Stlth    ++++......             (no amulet)
HPRegen  0.24/turn              X - +5 ring of dexterity
MPRegen  0.22/turn              H - ring of magical power

@: very slightly contaminated, very slow
A: distributed training, fangs 1, strong nose
a: Bend Time, Temporal Distortion, Renounce Religion


You were on level 12 of the Dungeon.
You worshipped Cheibriados.
Cheibriados was most pleased with you.
You were not hungry.

You visited 2 branches of the dungeon, and saw 13 of its levels.

You collected 387 gold pieces.

Inventory:

Hand Weapons
 a - a cursed +5 battleaxe (weapon)
 f - a +0 short sword
 k - a +0 hand axe
 l - a cursed -3 longbow
 n - a +0 battleaxe
 q - a +0 blowgun
 u - a +3 halberd of venom
   (You took it off Blork the orc on level 6 of the Dungeon)
 z - a +2 short sword of venom
   (You took it off a kobold on level 7 of the Dungeon)
 A - a +3 shortbow
 K - a +0 war axe
Missiles
 g - 7 needles of sleeping
 i - 7 tomahawks (quivered)
 p - 131 stones
 w - 35 poisoned needles
 G - 7 javelins
 J - 147 arrows
Armour
 b - a +0 leather armour
 x - a +0 ring mail
 B - +0 steam dragon scales (worn)
 F - a +0 pair of boots (worn)
Jewellery
 D - an uncursed ring of positive energy
   (You found it on level 12 of the Dungeon)
 H - a ring of magical power (right hand)
   (You found it on level 10 of the Dungeon)
 X - a +5 ring of dexterity (left hand)
   (You found it on level 3 of the Dungeon)
Wands
 C - a wand of enslavement (18)
 E - a wand of flame (50)
Scrolls
 h - a scroll of fog
 r - a scroll of remove curse
 s - 3 scrolls of enchant weapon
Potions
 e - 3 potions of haste
 o - a potion of magic
 I - a potion of curing
Books
 d - a book of Battle

   Spells                             Type                      Level
   a - Infusion                       Charms                       1
   b - Shroud of Golubria             Charms/Translocation         2
   c - Song of Slaying                Charms                       2
   d - Spectral Weapon                Hexes/Charms                 3
   e - Regeneration                   Charms/Necromancy            3
 m - a book of Geomancy
   (You found it on level 5 of the Dungeon)

   Spells                             Type                      Level
   a - Sandblast                      Earth                        1
   b - Passwall                       Transmutation/Earth          2
   c - Stone Arrow                    Conjuration/Earth            3
   d - Petrify                        Transmutation/Earth          4
   e - Lee's Rapid Deconstruction     Earth                        5
 t - a book of Necromancy
   (You found it on level 7 of the Dungeon)

   Spells                             Type                      Level
   a - Pain                           Necromancy                   1
   b - Animate Skeleton               Necromancy                   1
   c - Vampiric Draining              Necromancy                   3
   d - Regeneration                   Charms/Necromancy            3
   e - Animate Dead                   Necromancy                   4
   f - Borgnjor's Vile Clutch         Necromancy/Earth             5
 v - a book of Misfortune
   (You found it on level 7 of the Dungeon)

   Spells                             Type                      Level
   a - Confusing Touch                Hexes                        1
   b - Confuse                        Hexes                        3
   c - Gell's Gravitas                Translocation                3
   d - Petrify                        Transmutation/Earth          4
   e - Metabolic Englaciation         Hexes/Ice                    5
   f - Yara's Violent Unravelling     Hexes/Transmutation          5
Comestibles
 c - 6 rations


   Skills:
 + Level 7.6 Fighting
 + Level 6.0 Short Blades
 + Level 6.0 Long Blades
 + Level 7.6 Axes
 + Level 6.0 Maces & Flails
 + Level 6.0 Polearms
 + Level 6.0 Staves
 + Level 6.0 Slings
 + Level 6.0 Bows
 + Level 6.0 Crossbows
 + Level 6.0 Throwing
 + Level 6.6 Armour
 + Level 7.6 Dodging
 + Level 6.0 Stealth
 + Level 6.0 Shields
 + Level 6.0 Unarmed Combat
 + Level 7.9 Spellcasting
 + Level 4.9 Conjurations
 + Level 4.9 Hexes
 + Level 7.5 Charms
 + Level 4.9 Summonings
 + Level 4.9 Necromancy
 + Level 4.9 Translocations
 + Level 4.9 Transmutations
 + Level 4.9 Fire Magic
 + Level 4.9 Ice Magic
 + Level 4.9 Air Magic
 + Level 4.9 Earth Magic
 + Level 4.9 Poison Magic
 + Level 6.5 Invocations
 + Level 6.0 Evocations


You had 2 spell levels left.
You knew the following spells:

 Your Spells              Type           Power        Failure   Level  Hunger
a - Sandblast             Erth           #####.       1%          1    None
c - Confuse               Hex            #####...     1%          3    None
g - Shroud of Golubria    Chrm/Tloc      #####.....   1%          2    None
i - Infusion              Chrm           ####         1%          1    None
n - Animate Skeleton      Necr           N/A          1%          1    None
p - Passwall              Tmut/Erth      #####.....   1%          2    None
r - Regeneration          Chrm/Necr      #####.....   1%          3    None
v - Borgnjor's Vile Clut  Necr/Erth      #####.....   19%         5    ####...
w - Spectral Weapon       Hex/Chrm       #####...     1%          3    None
y - Song of Slaying       Chrm           ######..     1%          2    None


Dungeon Overview and Level Annotations

Branches:
Dungeon (12/15)            Temple (1/1) D:7
   Lair: D:8-11         Orc: D:9-12

Altars:
Ashenzari
Cheibriados
Dithmenos
Elyvilon
Fedhas
Gozag
Hepliaklqana
Nemelex Xobeh
Okawaru
Qazlal
Ru
Sif Muna
Trog
Wu Jian
Yredelemnul
Zin
The Shining One

Annotations:
D:8 Maurice; shakethe's ghost, novice FoFi


Innate Abilities, Weirdness & Mutations

Your experience applies equally to all skills.
You have very sharp teeth.
Your uncanny sense of smell can sniff out nearby items.


Message History

You hear a shout!
You hear a bellow!
Your spectral weapon barely misses the death knight.
The death knight hits you with a morningstar.
The death knight hits you with a morningstar!
You hear a shout!
A yak, an orc priest and an orc wizard come into view.
It was a potion of curing.
You feel better.
A yak comes into view.
Evoke which item? (* to show all) (? for menu, Esc to quit)
Okay, then.
Casting: Spectral Weapon
Confirm with . or Enter, or press ? or * to list all spells.
Space distorts slightly along a thin shroud covering your body.
The death knight offers itself to Yredelemnul, and fills with unholy energy.
The orc wizard gestures wildly while chanting.
The orc wizard blinks!
Unknown command.
Casting: Shroud of Golubria
Confirm with . or Enter, or press ? or * to list all spells.
Aiming: Borgnjor's Vile Clutch
Press: ? - help, Dir - move target cursor, f - yak
Aim: a yak You miscast Borgnjor's Vile Clutch.
You are very lightly contaminated with residual magic.
Pain shoots through your body.
The death knight hits you with a morningstar.
A yak comes into view.
Casting: Borgnjor's Vile Clutch
Confirm with . or Enter, or press ? or * to list all spells.
Aiming: Borgnjor's Vile Clutch
Press: ? - help, Dir - move target cursor, f/p - yak
Aim: a yak You miscast Borgnjor's Vile Clutch.
The world around you seems to dim momentarily.
The death knight invokes the aid of Yredelemnul against you.
Your body is wracked with pain!
* * * LOW HITPOINT WARNING * * *
The yak moves out of view.
The orc wizard casts a spell.
The orc wizard blinks!
You hear a bellow!
Okay, then.
Unknown command.
Okay, then.
Unknown command.
Casting: Borgnjor's Vile Clutch
Confirm with . or Enter, or press ? or * to list all spells.
Aiming: Borgnjor's Vile Clutch
Press: ? - help, Dir - move target cursor, f/p - yak
Aim: a yak Decaying hands burst forth from the earth!
Zombie hands grab the yak.
Zombie hands grab the death knight.
Zombie hands grab the orc warrior.
Zombie hands grab the orc priest.
The zombie hands constrict the yak!
The zombie hands constrict the orc warrior!
The zombie hands constrict the orc priest!
The zombie hands constrict the death knight!
The death knight reflects your damage back at you!
* * * LOW HITPOINT WARNING * * *
The death knight hits you with a morningstar!
* * * LOW HITPOINT WARNING * * *
Your shroud falls apart!
An orc comes into view. It is wielding a falchion.
Unknown command.
You feel much better.
The zombie hands constrict the yak!
The zombie hands constrict the orc warrior!
The zombie hands constrict the orc priest.
You kill the orc priest!
Cheibriados thoroughly appreciates the change of pace.
The zombie hands constrict the death knight.
The death knight reflects your damage back at you!
* * * LOW HITPOINT WARNING * * *
The death knight hits you with a morningstar!
* * * LOW HITPOINT WARNING * * *
2 yaks come into view.
Unknown command.
Okay, then.
You hit the death knight but do no damage.
You bite the death knight, but do no damage.
The death knight is moderately wounded.
The zombie hands constrict the yak!
The zombie hands constrict the orc warrior.
You kill the orc warrior!
Cheibriados appreciates the change of pace.
The zombie hands constrict the death knight!
Your spectral weapon hits the death knight but does no damage.
The death knight reflects your damage back at you!
* * * LOW HITPOINT WARNING * * *
The death knight closely misses you.
Okay, then.
Okay, then.
Okay, then.
Okay, then.
Blink to where?
Press: ? - help, Dir - move target cursor, p - yak The zombie hands lose their grip on something.
As you read the scroll of blinking, it crumbles to dust.
The zombie hands constrict the death knight!!
The death knight reflects your damage back at you!
You die...

#...#........# ##..
#...#.....#+#####)YY..
#...##....# #.pYY#
#...'...#.# #(#
#...###.#.# #.# #...#
#.#.# #.# #...###.#
#.# ###.....######.#
#.####.....@.# #..
#.####### ### #.# ..#
####


You could see a death knight and a friendly spectral enchanted battleaxe.

Vanquished Creatures
  2 two-headed ogres
  Nergalle (D:10)
  A cyclops (D:11)
  Psyche (D:10)
  A troll (D:9)
  A hornet (D:7)
  A hippogriff (D:9)
  A wyvern (D:9)
  6 yaks
  A hungry ghost (D:7)
  A steam dragon (D:11)
  A water moccasin (D:7)
  2 orc warriors
  2 sky beasts
  3 ice beasts
  3 ogres
  2 phantoms
  5 centaurs
  A crocodile (D:7)
  Blork the orc (D:6)
  A big kobold (D:7)
  5 bullfrogs
  A scorpion (D:8)
  A killer bee (D:9)
  6 wights
  5 howler monkeys
  A crimson imp (D:5)
  A bullfrog zombie (D:11)
  3 orc priests
  A bullfrog skeleton (D:9)
  5 hounds
  2 iguanas
  A jelly (D:7)
  8 worker ants
  5 orc wizards
  A hound zombie (D:6)
  A hound skeleton (D:6)
  4 gnolls (D:8)
  4 adders
  2 shadow imps
  An ooze (D:7)
  A dart slug (D:3)
  2 leopard geckos
  25 orcs
  3 bats (D:1)
  2 giant cockroaches
  A goblin (D:3)
  A hobgoblin (D:3)
  8 kobolds
  A quokka (D:8)
  A jackal skeleton (D:6)
141 creatures vanquished.

Vanquished Creatures (collateral kills)
  A bullfrog zombie (D:8)
1 creature vanquished.

Vanquished Creatures (others)
  A scorpion (D:11)
  3 spectral weapons
4 creatures vanquished.

Grand Total: 146 creatures vanquished

Notes
Turn   | Place    | Note
-------+----------+-------------------------------------------
     0 | D:1      | tidbits the Gnoll Skald began the quest for the Orb.
     0 | D:1      | Reached XP level 1. HP: 20/20 MP: 6/6
   100 | D:1      | Reached XP level 2. HP: 26/26 MP: 4/7
   104 | D:1      | Learned a level 2 spell: Song of Slaying
   107 | D:1      | Learned a level 2 spell: Shroud of Golubria
   216 | D:3      | Found a hazy altar of Hepliaklqana.
   336 | D:4      | Reached XP level 3. HP: 31/31 MP: 6/9
   341 | D:4      | Learned a level 3 spell: Regeneration
   345 | D:4      | Learned a level 3 spell: Spectral Weapon
   353 | D:4      | Reached skill level 5 in Spellcasting
   372 | D:4      | Noticed an ogre
   382 | D:4      | Killed an ogre
   382 | D:4      | Reached skill level 1 in Short Blades
   382 | D:4      | Reached skill level 1 in Long Blades
   382 | D:4      | Reached skill level 1 in Maces & Flails
   382 | D:4      | Reached skill level 1 in Polearms
   382 | D:4      | Reached skill level 1 in Staves
   382 | D:4      | Reached skill level 1 in Slings
   382 | D:4      | Reached skill level 1 in Bows
   382 | D:4      | Reached skill level 1 in Crossbows
   382 | D:4      | Reached skill level 1 in Throwing
   382 | D:4      | Reached skill level 1 in Stealth
   382 | D:4      | Reached skill level 1 in Shields
   382 | D:4      | Reached skill level 1 in Unarmed Combat
   382 | D:4      | Reached skill level 1 in Conjurations
   382 | D:4      | Reached skill level 1 in Hexes
   382 | D:4      | Reached skill level 1 in Summonings
   382 | D:4      | Reached skill level 1 in Necromancy
   382 | D:4      | Reached skill level 1 in Translocations
   382 | D:4      | Reached skill level 1 in Transmutations
   382 | D:4      | Reached skill level 1 in Fire Magic
   382 | D:4      | Reached skill level 1 in Ice Magic
   382 | D:4      | Reached skill level 1 in Air Magic
   382 | D:4      | Reached skill level 1 in Earth Magic
   382 | D:4      | Reached skill level 1 in Poison Magic
   382 | D:4      | Reached skill level 1 in Invocations
   382 | D:4      | Reached skill level 1 in Evocations
   382 | D:4      | Reached XP level 4. HP: 8/38 MP: 2/11
   418 | D:4      | Reached XP level 5. HP: 28/43 MP: 0/12
   481 | D:4      | Found a shadowy altar of Dithmenos.
   521 | D:5      | Entered Level 5 of the Dungeon
   547 | D:5      | Noticed an ogre
   558 | D:5      | Reached skill level 3 in Armour
   567 | D:5      | Killed an ogre
   567 | D:5      | Reached skill level 2 in Invocations
   567 | D:5      | Reached XP level 6. HP: 41/50 MP: 7/13
   644 | D:4      | Noticed a phantom
   658 | D:4      | Killed a phantom
   658 | D:4      | Reached skill level 5 in Fighting
   658 | D:4      | Reached skill level 2 in Short Blades
   658 | D:4      | Reached skill level 2 in Long Blades
   658 | D:4      | Reached skill level 5 in Axes
   658 | D:4      | Reached skill level 2 in Maces & Flails
   658 | D:4      | Reached skill level 2 in Polearms
   658 | D:4      | Reached skill level 2 in Staves
   658 | D:4      | Reached skill level 2 in Slings
   658 | D:4      | Reached skill level 2 in Bows
   658 | D:4      | Reached skill level 2 in Crossbows
   658 | D:4      | Reached skill level 2 in Throwing
   658 | D:4      | Reached skill level 5 in Dodging
   658 | D:4      | Reached skill level 2 in Stealth
   658 | D:4      | Reached skill level 2 in Shields
   658 | D:4      | Reached skill level 2 in Unarmed Combat
   658 | D:4      | Reached skill level 2 in Evocations
   732 | D:5      | Learned a level 2 spell: Passwall
   734 | D:5      | Learned a level 1 spell: Sandblast
   752 | D:5      | Noticed an ice beast
   765 | D:5      | Killed an ice beast
   765 | D:5      | Reached XP level 7. HP: 47/56 MP: 10/15
   835 | D:5      | Reached skill level 2 in Conjurations
   835 | D:5      | Reached skill level 2 in Hexes
   835 | D:5      | Reached skill level 2 in Summonings
   835 | D:5      | Reached skill level 2 in Necromancy
   835 | D:5      | Reached skill level 2 in Translocations
   835 | D:5      | Reached skill level 2 in Transmutations
   835 | D:5      | Reached skill level 2 in Fire Magic
   835 | D:5      | Reached skill level 2 in Ice Magic
   835 | D:5      | Reached skill level 2 in Air Magic
   835 | D:5      | Reached skill level 2 in Earth Magic
   835 | D:5      | Reached skill level 2 in Poison Magic
   883 | D:5      | Found an opulent altar of Gozag.
   891 | D:6      | Reached skill level 3 in Invocations
   910 | D:6      | Reached XP level 8. HP: 54/63 MP: 2/16
   912 | D:6      | Reached skill level 6 in Charms
   934 | D:7      | Reached skill level 4 in Armour
   973 | D:7      | Reached skill level 3 in Short Blades
   973 | D:7      | Reached skill level 3 in Long Blades
   973 | D:7      | Reached skill level 3 in Maces & Flails
   973 | D:7      | Reached skill level 3 in Polearms
   973 | D:7      | Reached skill level 3 in Staves
   973 | D:7      | Reached skill level 3 in Slings
   973 | D:7      | Reached skill level 3 in Bows
   973 | D:7      | Reached skill level 3 in Crossbows
   973 | D:7      | Reached skill level 3 in Throwing
   973 | D:7      | Reached skill level 3 in Stealth
   973 | D:7      | Reached skill level 3 in Shields
   973 | D:7      | Reached skill level 3 in Unarmed Combat
   973 | D:7      | Reached skill level 3 in Evocations
  1032 | D:7      | Found a staircase to the Ecumenical Temple.
  1054 | D:7      | Reached skill level 6 in Spellcasting
  1059 | Temple   | Entered the Ecumenical Temple
  1112 | Temple   | Became a worshipper of Cheibriados the Contemplative
  1159 | D:7      | Learned a level 1 spell: Animate Skeleton
  1222 | D:7      | Reached skill level 4 in Invocations
  1232 | D:8      | Noticed Maurice
  1232 | D:8      | Noticed a two-headed ogre
  1259 | D:7      | Learned a level 3 spell: Confuse
  1318 | D:7      | Noticed a hornet
  1326 | D:7      | Paralysed by a hornet for 2 turns
  1335 | D:7      | Killed a hornet
  1335 | D:7      | Reached skill level 6 in Fighting
  1335 | D:7      | Reached skill level 6 in Axes
  1335 | D:7      | Reached skill level 6 in Dodging
  1335 | D:7      | Reached skill level 3 in Conjurations
  1335 | D:7      | Reached skill level 3 in Hexes
  1335 | D:7      | Reached skill level 3 in Summonings
  1335 | D:7      | Reached skill level 3 in Necromancy
  1335 | D:7      | Reached skill level 3 in Translocations
  1335 | D:7      | Reached skill level 3 in Transmutations
  1335 | D:7      | Reached skill level 3 in Fire Magic
  1335 | D:7      | Reached skill level 3 in Ice Magic
  1335 | D:7      | Reached skill level 3 in Air Magic
  1335 | D:7      | Reached skill level 3 in Earth Magic
  1335 | D:7      | Reached skill level 3 in Poison Magic
  1335 | D:7      | Reached XP level 9. HP: 52/69 MP: 2/18
  1465 | D:6      | Reached * piety under Cheibriados
  1465 | D:6      | Reached skill level 4 in Short Blades
  1465 | D:6      | Reached skill level 4 in Long Blades
  1465 | D:6      | Reached skill level 4 in Maces & Flails
  1465 | D:6      | Reached skill level 4 in Polearms
  1465 | D:6      | Reached skill level 4 in Staves
  1465 | D:6      | Reached skill level 4 in Slings
  1465 | D:6      | Reached skill level 4 in Bows
  1465 | D:6      | Reached skill level 4 in Crossbows
  1465 | D:6      | Reached skill level 4 in Throwing
  1465 | D:6      | Reached skill level 4 in Stealth
  1465 | D:6      | Reached skill level 4 in Shields
  1465 | D:6      | Reached skill level 4 in Unarmed Combat
  1465 | D:6      | Reached skill level 4 in Evocations
  1508 | D:6      | Reached skill level 5 in Armour
  1537 | D:6      | Noticed Blork the orc
  1562 | D:6      | Killed Blork the orc
  1612 | D:7      | Found an ornate altar of the Wu Jian Council.
  1689 | D:8      | Reached ** piety under Cheibriados
  1726 | D:8      | Reached skill level 5 in Invocations
  1741 | D:8      | Killed a two-headed ogre
  1741 | D:8      | Reached skill level 7 in Spellcasting
  1741 | D:8      | Reached skill level 4 in Conjurations
  1741 | D:8      | Reached skill level 4 in Hexes
  1741 | D:8      | Reached skill level 4 in Summonings
  1741 | D:8      | Reached skill level 4 in Necromancy
  1741 | D:8      | Reached skill level 4 in Translocations
  1741 | D:8      | Reached skill level 4 in Transmutations
  1741 | D:8      | Reached skill level 4 in Fire Magic
  1741 | D:8      | Reached skill level 4 in Ice Magic
  1741 | D:8      | Reached skill level 4 in Air Magic
  1741 | D:8      | Reached skill level 4 in Earth Magic
  1741 | D:8      | Reached skill level 4 in Poison Magic
  1741 | D:8      | Reached XP level 10. HP: 39/77 MP: 14/20
  1862 | D:8      | Noticed shakethe's ghost (novice FoFi)
  1887 | D:9      | Found an iron altar of Okawaru.
  1910 | D:9      | Reached skill level 5 in Short Blades
  1910 | D:9      | Reached skill level 5 in Long Blades
  1910 | D:9      | Reached skill level 5 in Maces & Flails
  1910 | D:9      | Reached skill level 5 in Polearms
  1910 | D:9      | Reached skill level 5 in Staves
  1910 | D:9      | Reached skill level 5 in Slings
  1910 | D:9      | Reached skill level 5 in Bows
  1910 | D:9      | Reached skill level 5 in Crossbows
  1910 | D:9      | Reached skill level 5 in Throwing
  1910 | D:9      | Reached skill level 5 in Stealth
  1910 | D:9      | Reached skill level 5 in Shields
  1910 | D:9      | Reached skill level 5 in Unarmed Combat
  1910 | D:9      | Reached skill level 5 in Evocations
  1923 | D:9      | Noticed a two-headed ogre
  1935 | D:9      | Killed a two-headed ogre
  1935 | D:9      | Reached skill level 7 in Fighting
  1935 | D:9      | Reached skill level 7 in Axes
  1935 | D:9      | Reached skill level 7 in Dodging
  1935 | D:9      | Reached skill level 7 in Charms
  1963 | D:9      | Reached skill level 6 in Armour
  1970 | D:9      | Reached *** piety under Cheibriados
  2014 | D:9      | Learned a level 5 spell: Borgnjor's Vile Clutch
  2047 | D:10     | Entered Level 10 of the Dungeon
  2189 | D:10     | Reached skill level 6 in Invocations
  2196 | D:10     | Noticed Nergalle
  2211 | D:10     | Noticed Psyche
  2219 | D:10     | Killed Nergalle
  2224 | D:10     | Killed Psyche
  2245 | D:10     | Reached XP level 11. HP: 54/84 MP: 22/22
  2260 | D:11     | Noticed a cyclops
  2264 | D:11     | Killed a cyclops
  2378 | D:11     | Reached skill level 6 in Short Blades
  2378 | D:11     | Reached skill level 6 in Long Blades
  2378 | D:11     | Reached skill level 6 in Maces & Flails
  2378 | D:11     | Reached skill level 6 in Polearms
  2378 | D:11     | Reached skill level 6 in Staves
  2378 | D:11     | Reached skill level 6 in Slings
  2378 | D:11     | Reached skill level 6 in Bows
  2378 | D:11     | Reached skill level 6 in Crossbows
  2378 | D:11     | Reached skill level 6 in Throwing
  2378 | D:11     | Reached skill level 6 in Stealth
  2378 | D:11     | Reached skill level 6 in Shields
  2378 | D:11     | Reached skill level 6 in Unarmed Combat
  2378 | D:11     | Reached skill level 6 in Evocations
  2465 | D:12     | Noticed a death knight
  2475 | D:12     | Killed by mirror damage

Skill      XL: |  1  2  3  4  5  6  7  8  9 10 11 |
---------------+----------------------------------+-----
Spellcasting   | 5 6 7 |  7.9
Short Blades   | 1 2 3 4 5 6 |  6.0
Long Blades    | 1 2 3 4 5 6 |  6.0
Maces & Flails | 1 2 3 4 5 6 |  6.0
Polearms       | 1 2 3 4 5 6 |  6.0
Staves         | 1 2 3 4 5 6 |  6.0
Slings         | 1 2 3 4 5 6 |  6.0
Bows           | 1 2 3 4 5 6 |  6.0
Crossbows      | 1 2 3 4 5 6 |  6.0
Throwing       | 1 2 3 4 5 6 |  6.0
Stealth        | 1 2 3 4 5 6 |  6.0
Shields        | 1 2 3 4 5 6 |  6.0
Unarmed Combat | 1 2 3 4 5 6 |  6.0
Conjurations   | 1 2 3 4 |  4.9
Hexes          | 1 2 3 4 |  4.9
Summonings     | 1 2 3 4 |  4.9
Necromancy     | 1 2 3 4 |  4.9
Translocations | 1 2 3 4 |  4.9
Transmutations | 1 2 3 4 |  4.9
Fire Magic     | 1 2 3 4 |  4.9
Ice Magic      | 1 2 3 4 |  4.9
Air Magic      | 1 2 3 4 |  4.9
Earth Magic    | 1 2 3 4 |  4.9
Poison Magic   | 1 2 3 4 |  4.9
Invocations    | 1 2 3 4 5 6 |  6.5
Evocations     | 1 2 3 4 5 6 |  6.0
Armour         | 3 4 5 6 |  6.6
Fighting       | 5 6 7 |  7.6
Axes           | 5 6 7 |  7.6
Dodging        | 5 6 7 |  7.6
Charms         | 6 7 |  7.5

Action                   |  1- 3 |  4- 6 |  7- 9 | 10-12 || total
-------------------------+-------+-------+-------+-------++-------
Melee: Hand axe          |    42 |       |       |       ||    42
       Bite              |     5 |     5 |    25 |    17 ||    52
       War axe           |     6 |    36 |   174 |    34 ||   250
       Unarmed           |       |       |     9 |       ||     9
       Punch             |       |       |     5 |     2 ||     7
       Battleaxe         |       |       |       |    49 ||    49
Throw: Tomahawk          |       |       |     9 |     4 ||    13
       Stone             |       |       |     1 |       ||     1
 Cast: Infusion          |     6 |       |       |       ||     6
       Spectral Weapon   |     2 |     6 |    25 |    17 ||    50
       Shroud of Golubri |     1 |     2 |     9 |     3 ||    15
       Regeneration      |       |     2 |    15 |    11 ||    28
       Sandblast         |       |       |    10 |     4 ||    14
       Confuse           |       |       |     6 |       ||     6
       Song of Slaying   |       |       |     6 |     3 ||     9
       Animate Skeleton  |       |       |     1 |     2 ||     3
       Passwall          |       |       |       |     1 ||     1
       Borgnjor's Vile C |       |       |       |     3 ||     3
  Use: Scroll            |       |     5 |     3 |     2 ||    10
       Potion            |       |       |     4 |     4 ||     8
 Stab: Sleeping          |     1 |     1 |     2 |     4 ||     8
       Distracted        |       |       |     1 |     3 ||     4
  Eat: Ration            |       |       |     3 |       ||     3
       Chunk             |       |       |       |     1 ||     1
Armor: Leather armour    |    12 |     6 |    19 |    10 ||    47
       Skin              |       |       |    14 |       ||    14
Dodge: Dodged            |    31 |    33 |   146 |    78 ||   288

Table legend:
 A = Turns spent in this place as a percentage of turns spent in the entire game.
 B = Non-inter-level travel turns spent in this place as a percentage of non-inter-level travel turns spent in the entire game.
 C = Inter-level travel turns spent in this place as a percentage of turns spent in this place.
 D = Turns resting spent in this place as a percentage of non-inter-level travel turns spent in this place.
 E = Turns spent auto-exploring this place as a percentage of non-inter-level travel turns spent in this place.
 F = Non-inter-level travel turns spent in this place divided by the number of levels of this place that you've seen.
                   A       B       C       D       E      F
               +-------+-------+-------+-------+-------+----------------------
         Total | 100.0 | 100.0 |   0.0 |   0.0 |   0.0 | 190.4
       Dungeon |  97.4 |  97.4 |   0.0 |   0.0 |   0.0 | 200.8
        Temple |   2.6 |   2.6 |   0.0 |   0.0 |   0.0 |  65.0
               +-------+-------+-------+-------+-------+----------------------

Table legend:
 A = Kills in this place as a percentage of kills in entire the game.
 B = Kills by you in this place as a percentage of kills by you in the entire game.
 C = Kills by friends in this place as a percentage of kills by friends in the entire game.
 D = Other kills in this place as a percentage of other kills in the entire game.
 E = Experience gained in this place as a percentage of experience gained in the entire game.
 F = Experience gained in this place divided by the number of levels of this place that you have seen.
                   A       B       C       D       E      F
               +-------+-------+-------+-------+-------+----------------------
         Total | 100.0 | 100.0 | 100.0 |   N/A | 100.0 | 874.6
       Dungeon | 100.0 | 100.0 | 100.0 |   N/A | 100.0 | 947.5
               +-------+-------+-------+-------+-------+----------------------

Vault maps used:
D:1:      dpeg_arrival_three_smaller_balls
D:2:      first_ration, uniq_natasha
D:3:      old_standard_altar
D:4:      lemuel_crystal_altar, marbit_many_paths
D:5:      kennysheep_little_box, serial_shops, nicolae_shop_stone,
          shop_fountains, nicolae_gozag_seed_capital, uniq_crazy_yiuf_cottage
D:6:      uniq_blork_the_orc, uniq_prince_ribbit1
D:7:      lemuel_crystal_altar, minmay_temple_entry_statues_pillars
D:8:      lair_entry_dummy, uniq_maurice
D:9:      minmay_opposing_rooms, okawaru_metal_pillars_1_2, grunt_pizzeria,
          trog_hazing_becter
D:10:     uniq_nergalle, uniq_psyche
D:11:     minmay_orc_entry_guard_dogs, serial_shops, nicolae_shop_trees,
          corexii_corridor_pit, centaur_isle
Temple:   eino_temple_scatter_basement
